AoeStats
← seabed

Nomad

510570206Analyzed
4v4 RM · 10h ago on Oct 1, 2026· 34m 40s· 8 players
Game mode
Random Map
Map size
231×231
Population
200
Speed
Normal
Resources
Standard
Victory
Conquest
Starting age
Dark Age
Ending age
Imperial Age
RankedLock teamsTeams togetherTeam positionsShared explorationLock speedFull tech treeHidden civsTurbo modeCheats
Victory
Defeat
🇨🇳 Saxons · China
1508
+10
🇨🇳 Franks · China
1460
+11
🇨🇳 Varangians · China
1410
+13
🇭🇰 Spanish · Hong Kong SAR China
1307
+18
🇨🇭 Romans · Switzerland
1408
-15
🇨🇭 Vietnamese · Switzerland
1377
-14
🇩🇪 Bengalis · Germany
1347
-13
🇷🇺 Danes · Russia
1282
-10
dr.schniselx
4:59 Loom
12:34 Feudal Age
15:47 Scale Mail Armor
16:34 Double-Bit Axe
17:13 Gold Mining
18:21 Man-at-Arms
25:37 Fletching
Ged Opi
5:23 Loom
14:24 Feudal Age
14:49 Man-at-Arms
15:54 Double-Bit Axe
17:10 Fishing Lines
22:09 Castle Age
20:38 Stone Mining
21:58 Gold Mining
23:29 Wheelbarrow
23:13 Gillnets
23:36 Bow Saw
25:28 Forging
25:18 Scale Mail Armor
25:53 Squires
25:38 Gambesons
27:03 Arson
27:47 Fletching
28:37 Iron Casting
31:38 Hand Cart
optional_cookie
4:57 Loom
12:28 Feudal Age
13:25 Double-Bit Axe
18:04 Fletching
23:33 Castle Age
24:25 Scale Barding Armor
24:31 Forging
27:37 Chain Barding Armor
Das Frettchen
6:45 Loom
13:40 Feudal Age
17:41 Castle Age
17:29 Gold Mining
17:26 Double-Bit Axe
18:44 Bow Saw
18:38 Fletching
23:04 Bodkin Arrow
24:43 Horse Collar
25:20 Padded Archer Armor
26:18 Wheelbarrow
25:28 Fishing Lines
27:39 Hand Cart
28:57 Leather Archer Armor
29:26 Town Watch
31:20 Ballistics
小鸡
4:41 Loom
12:23 Feudal Age
15:53 Double-Bit Axe
16:24 Town Watch
16:39 Fishing Lines
17:25 Fletching
21:24 Wheelbarrow
27:54 Castle Age
28:15 Crossbowman
28:15 Elite Skirmisher
29:51 Bodkin Arrow
29:58 Padded Archer Armor
seabed
13:53 Feudal Age
15:23 Loom
17:57 Castle Age
15:47 Double-Bit Axe
16:47 Fletching
18:56 Bodkin Arrow
20:17 Bow Saw
23:11 Medium Warships
26:46 Fishing Lines
27:36 Gillnets
28:37 Gold Mining
33:01 Wheelbarrow
33:03 Scale Mail Armor
妈妈。
10:51 Loom
14:00 Feudal Age
17:36 Castle Age
16:41 Scale Barding Armor
18:08 Bloodlines
20:12 Chain Barding Armor
28:23 Husbandry
29:04 Forging
30:39 Squires
30:25 Gambesons
31:25 Fishing Lines
32:45 Scale Mail Armor
33:20 Iron Casting
35:30 Chain Mail Armor
拿捏木村
9:59 Loom
15:16 Feudal Age
15:55 Double-Bit Axe
18:31 Castle Age
18:45 Fishing Lines
19:28 Bow Saw
19:29 Gillnets
20:31 Padded Archer Armor
23:08 Husbandry
25:41 Bloodlines
25:46 Leather Archer Armor
26:19 Wheelbarrow
25:48 Town Watch
26:32 Horse Collar
30:17 Heavy Plow
31:33 Hand Cart
33:32 Gold Mining
33:33 Stone Mining
36:54 Imperial Age
Connection lost

Rejoining the realm…

Still unreachable

The connection could not be restored.

Session expired

The server has moved on; the page needs a fresh start.